 Dungeon Crawl Stone Soup version 0.29.1-15-g9cfb28693d (console) character file.

Game seed: 4972958759888447000

2 sentinel the Digger (level 1, 14/14 HPs)
             Began as a Meteoran Earth Elementalist on Aug 13, 2023.
             Quit the game on level 1 of the Dungeon.
             The game lasted 00:00:04 (51 turns).

sentinel the Digger (Meteoran Earth Elementalist)     Turns: 51, Time: 00:00:05

Health: 14/14      AC:  2    Str:  9    XL:     1   Next: 57%
Magic:  5/5        EV: 12    Int: 16    God:
Gold:   0          SH:  0    Dex: 14    Spells: 4/5 levels left

rFire   . . .      SeeInvis .   (no weapon)
rCold   . . .      Faith    .   (no shield)
rNeg    . . .      Spirit   .   a - +0 robe
rPois   .          Reflect  .   (no helmet)
rElec   .          Harm     .   (no cloak)
rCorr   .          Rampage  .   (no gloves)
Will    .....                   (no boots)
Stlth   +.........              (no amulet)
HPRegen 0.04/turn               (no ring)
MPRegen 0.09/turn               (no ring)

@: glowing
A: sense surroundings 1, otherworldly, glowing, explore regen
a: no special abilities


You were on level 1 of the Dungeon.
You visited 1 branch of the dungeon, and saw 1 of its levels.

Inventory:

Armour
 a - a +0 robe (worn)
Scrolls
 d - a scroll of teleportation {unknown}
Potions
 b - a potion of magic
 c - a potion of invisibility {unknown}


   Skills:
 - Level 2.4 Dodging
 - Level 1.4 Stealth
 - Level 2.6 Spellcasting
 - Level 1.2 Transmutations
 + Level 3.9 Earth Magic


You had 4 spell levels left.
You knew the following spells:

 Your Spells              Type           Power      Damage    Failure   Level
a - Sandblast             Erth           28%        2d8       4%          1

Your spell library contained the following spells:

 Spells                   Type           Power      Damage    Failure   Level
 Passwall                 Tmut/Erth      8%         N/A       11%         2
 Stone Arrow              Conj/Erth      16%        3d8       26%         3
 Petrify                  Tmut/Erth      10%        N/A       56%         4


Dungeon Overview and Level Annotations

Branches:
Dungeon (1/15) Zot: 545

Altars:


Innate Abilities, Weirdness & Mutations

You passively map a small area around you.
You are easily found by Zot.
You glow in the dark.
You regain HP and MP as you explore.


Message History

Unknown command.
You enter the shallow water.
Moving in this stuff is going to be slow. 2 hobgoblins come into view.
The hobgoblin shouts! x2
Unknown command.
But you're not safe!
Unknown command.
But you're not safe!
Unknown command.
But you're not safe!
Unknown command.
But you're not safe!
Unknown command.
The blast of sand hits the hobgoblin.
The hobgoblin is almost dead.
The blast of sand hits the hobgoblin.
You kill the hobgoblin!
Unknown command.
The blast of sand hits the hobgoblin.
The hobgoblin is heavily wounded.
The hobgoblin closely misses you.
The hobgoblin hits you but does no damage.
Unknown command.
The blast of sand hits the hobgoblin.
You kill the hobgoblin!
Unknown command.
You can't see any susceptible monsters within range! (Use Z to cast anyway.) Unknown command.
No target in view!
No target in view!
You can't see any susceptible monsters within range! (Use Z to cast anyway.) Unknown command.
You can't see any susceptible monsters within range! (Use Z to cast anyway.) Unknown command.
You can't see any susceptible monsters within range! (Use Z to cast anyway.) Unknown command.
You can't see any susceptible monsters within range! (Use Z to cast anyway.) Unknown command.
No target in view!
No target in view!
You can't see any susceptible monsters within range! (Use Z to cast anyway.) Unknown command.
You can't see any susceptible monsters within range! (Use Z to cast anyway.) Unknown command.
You can't see any susceptible monsters within range! (Use Z to cast anyway.) Unknown command.
You can't see any susceptible monsters within range! (Use Z to cast anyway.) Unknown command.
Found a stone staircase leading down.
c - a bubbling grey potion Unknown command.
Found a mace.
Unknown command.
d - a scroll labelled BIEMIN FABO Unknown command.
Magic restored.
There is a stone staircase leading down here.
You enter the shallow water.
Moving in this stuff is going to be slow.
You enter the shallow water.
Moving in this stuff is going to be slow.
A bat comes into view.
Unknown command.
But you're not safe!
Unknown command.
Your line of fire to the bat is blocked by a plant.
Your line of fire to the bat is blocked by a plant.
Unknown command.
Your line of fire to the bat is blocked by a plant.
Unknown command.
Your line of fire to the bat is blocked by a plant.
Unknown command.
Your line of fire to the bat is blocked by a plant.
Unknown command.
Your line of fire to the bat is blocked by a plant.
Your line of fire to the bat is blocked by a plant.
Your line of fire to the bat is blocked by a plant.
Unknown command.
Your line of fire to the bat is blocked by a plant.
Unknown command.
Your line of fire to the bat is blocked by a plant.
Unknown command.
Your line of fire to the bat is blocked by a plant.
Unknown command.
Your line of fire to the bat is blocked by a plant.
Your line of fire to the bat is blocked by a plant.
Your line of fire to the bat is blocked by a plant.
Unknown command.
Your line of fire to the bat is blocked by a plant.
Unknown command.
Your line of fire to the bat is blocked by a plant.
Unknown command.
Your line of fire to the bat is blocked by a plant.
Unknown command.
But you're not safe!
Unknown command.
But you're not safe!
Unknown command.
But you're not safe!
Unknown command.
But you're not safe!
Unknown command.
But you're not safe!
Unknown command.
Your line of fire to the bat is blocked by a plant.
Your line of fire to the bat is blocked by a plant.
Your line of fire to the bat is blocked by a plant.
Unknown command.
Your line of fire to the bat is blocked by a plant.
Unknown command.
Your line of fire to the bat is blocked by a plant.
Unknown command.
Your line of fire to the bat is blocked by a plant.
Unknown command.
Your line of fire to the bat is blocked by a plant.
Your line of fire to the bat is blocked by a plant.
Your line of fire to the bat is blocked by a plant.
Unknown command.
Your line of fire to the bat is blocked by a plant.
Unknown command.
Your line of fire to the bat is blocked by a plant.
Unknown command.
Your line of fire to the bat is blocked by a plant.
Unknown command.
Your line of fire to the bat is blocked by a plant.
Your line of fire to the bat is blocked by a plant.
Your line of fire to the bat is blocked by a plant.
Unknown command.
Your line of fire to the bat is blocked by a plant.
Unknown command.
Your line of fire to the bat is blocked by a plant.
Unknown command.
Your line of fire to the bat is blocked by a plant.
Unknown command.
But you're not safe!
Unknown command.
But you're not safe!
Unknown command.
But you're not safe!
Unknown command.
But you're not safe!
Unknown command.
But you're not safe!
Unknown command.
Unknown command.
Unknown command.
Unknown command.
Unknown command.
Are you sure you want to abandon this character and quit the game? (Confirm with "yes".)

, ,
##.......~~~~~~~.#..)# ,
###........~.....~.###.#
...........~.....~.....#
,
#..........~..~~.~.~~..#
,
...........~..~..~..~.##
#.P.P.....~..~.<~..~.# ,
,PP......~~.~.~~..~.# *
, .♣.........~.....~.#
♣♣P@##....~.....~.# *
♣P..P##>...~~~~~~~.#
P..P..##.#..........#
.PPP♣P.....#######.####
... .#b....#* * .., ..
.##..##.. , , . ..,....
.. , #. ...#* , ,


You could see a bat (asleep).

Vanquished Creatures
  2 hobgoblins (D:1)
2 creatures vanquished.

Notes
Turn   | Place    | Note
-------+----------+-------------------------------------------
     0 | D:1      | sentinel the Meteoran Earth Elementalist began the quest
                  | for the Orb.
     0 | D:1      | Reached XP level 1. HP: 14/14 MP: 5/5
    51 | D:1      | Quit the game

Illustrated notes

Levels and vault maps discovered:
D:1:      ebering_hopf_link, layout_rooms, serial_forest,
          infiniplex_forest_clump_medium, infiniplex_forest_clump_double,
          infiniplex_forest_clump_long, infiniplex_forest_straight_5,
          infiniplex_forest_corner_1, infiniplex_forest_corner_2,
          infiniplex_forest_straight_3, infiniplex_forest_clump_diagonal,
          infiniplex_forest_lined_2, infiniplex_forest_diagonal

Action                   || total
-------------------------++-------
 Cast: Sandblast         ||     4
Armor: Robe              ||     1
Dodge: Dodged            ||     1
